 Dungeon Crawl Stone Soup version 0.23-a0-644-gb60d84b (webtiles) character file.

86 Borgoz the Sneak (level 4, -8/30 HPs)
             Began as a Halfling Assassin on Jan 2, 2019.
             Mangled by Sigmund
             ... wielding a +0 scythe of protection
              (13 damage)
             ... on level 2 of the Dungeon.
             The game lasted 00:02:06 (1437 turns).

Borgoz the Sneak (Halfling Assassin)                Turns: 1437, Time: 00:02:07

Health: -8/30      AC:  3    Str: 12    XL:     4   Next: 77%
Magic:  4/4        EV: 16    Int:  9    God:
Gold:   36         SH:  0    Dex: 16    Spells: 3/3 levels left

rFire    . . .     SeeInvis .   a - +2 dagger
rCold    . . .     Gourm    .   (shield restricted)
rNeg     . . .     Faith    .   c - +0 robe
rPois    .         Spirit   .   (no helmet)
rElec    .         Reflect  .   d - +0 cloak
rCorr    .         Harm     .   (no gloves)
MR       .....                  (no boots)
Stlth    +++.......             (no amulet)
HPRegen  0.10/turn              (no ring)
MPRegen  0.09/turn              (no ring)

@: no status effects
A: small, mutation resistance 1
a: no special abilities


You were on level 2 of the Dungeon.
You were hungry.

You visited 1 branch of the dungeon, and saw 2 of its levels.

You collected 36 gold pieces.

Inventory:

Hand Weapons
 a - a +2 dagger (weapon)
 b - a +0 blowgun
Missiles
 e - 8 poisoned needles
 f - 2 curare-tipped needles
 k - 2 throwing nets (quivered)
Armour
 c - a +0 robe (worn)
 d - a +0 cloak (worn)
Jewellery
 h - a +3 ring of strength {unknown}
Scrolls
 j - a scroll of fog {unknown}
Potions
 i - a potion of curing {unknown}
 l - a potion of mutation {unknown}
 m - a potion of brilliance {unknown}
Comestibles
 g - 3 rations


   Skills:
 * Level 2.7 Fighting
 + Level 3.1 Short Blades
 - Level 2.0 Throwing
 * Level 2.8 Dodging
 + Level 4.8 Stealth


You had 3 spell levels left.
You didn't know any spells.
Your spell library was empty.

Dungeon Overview and Level Annotations

Branches:
Dungeon (2/15)

Altars:

Annotations:
D:2 Sigmund


Innate Abilities, Weirdness & Mutations

You are small and have problems with some larger weapons.
You are somewhat resistant to further mutation.


Message History

You impale Sigmund!!
Sigmund is almost dead.
Sigmund gestures at you while chanting.
You are confused.
You bump into the rock wall.
Sigmund casts a spell.
Sigmund flickers and vanishes!
Deactivating autopickup; reactivate with Ctrl-A.
You miss something.
You hear some strange, mumbled words.
Something tries to affect you, but you resist.
You miss something. Something closely misses you.
A magic dart appears from out of thin air!
The magic dart hits you! Something hits you! Something hits you!
* * * LOW HITPOINT WARNING * * *
You feel less confused.
You miss something. Something hits you!
You die...

.....................#.
#...........##.†.....
##.........#####...##
#.........# #...#
#.........# #...#
#.........# #...#
#####.##### #...#
####..### #####...##
#.{@....#...........
#..##................
....#...##.#...........
.... ##..# .#
#####...## #.. ##.. .#
#...# #. ##. # #...# #
## #...# #...# #...#


There were no monsters in sight!

Vanquished Creatures
  Natasha (D:2)
  An adder (D:2)
  A worm (D:2)
  2 dart slugs (D:1)
  7 leopard geckos
  6 bats
  3 goblins
  6 hobgoblins
  5 frilled lizards
  2 kobolds (D:1)
  6 rats
40 creatures vanquished.

Notes
Turn   | Place    | Note
-------+----------+-------------------------------------------
     0 | D:1      | Borgoz the Halfling Assassin began the quest for the Orb.
     0 | D:1      | Reached XP level 1. HP: 14/14 MP: 1/1
   205 | D:1      | Reached XP level 2. HP: 19/19 MP: 2/2
   425 | D:1      | Reached XP level 3. HP: 19/24 MP: 3/3
  1071 | D:2      | Reached XP level 4. HP: 23/30 MP: 4/4
  1394 | D:2      | Noticed Natasha
  1400 | D:2      | Killed Natasha
  1416 | D:2      | Noticed Sigmund
  1437 | D:2      | Mangled by Sigmund

Vault maps used:
D:1:      dpeg_arrival_houses_and_road, hangedman_decor_peaks_small,
          serial_bayou_pond_d, minmay_misc_feat_enclosed
D:2:      overflow_temple_1_default, chequers_temple_overflow_minitemple,
          uniq_natasha, uniq_sigmund

Skill      XL: |  1  2  3 |
---------------+----------+-----
Fighting       | 2 |  2.7
Dodging        | 2 |  2.8
Short Blades   | 3 |  3.1
Throwing       | |  2.0
Stealth        | |  4.8

Action                   |  1- 3 |  4- 6 || total
-------------------------+-------+-------++-------
Melee: Dagger            |    91 |    35 ||   126
 Stab: Sleeping          |     8 |     4 ||    12
  Eat: Chunk             |       |     1 ||     1
Armor: Robe              |    20 |     8 ||    28
Dodge: Dodged            |    69 |    27 ||    96

Table legend:
 A = Non-vault XP
 B = Vault XP
 C = Vault XP percentage of total XP
 D = Non-vault monster count
 E = Vault monster count
 F = Vault count percentage of total count
                 A         B        C        D         E       F
            +---------+---------+-------+---------+---------+-------
      Total |      87 |      36 |  29.3 |      39 |       1 |   2.5
            +---------+---------+-------+---------+---------+-------
        D:1 |      52 |       0 |   0.0 |      27 |       0 |   0.0
        D:2 |      35 |      36 |  50.7 |      12 |       1 |   7.7
            +---------+---------+-------+---------+---------+-------
